 Dungeon Crawl Stone Soup version 0.14-a0-2939-ge0b1554 (webtiles) character file.

3466 Kae the Arsonist (level 9, -7/45 HPs)
             Began as a Tengu Fire Elementalist on Mar 3, 2014.
             Was a Believer of Vehumet.
             Mangled by a two-headed ogre
             ... wielding a +0,+0 giant club
              (29 damage)
             ... while paralysed by a giant eyeball
             ... on Level 8 of the Dungeon.
             The game lasted 00:17:21 (10545 turns).

Kae the Arsonist (Tengu Fire Elementalist)         Turns: 10545, Time: 00:17:21

HP  -7/45        AC  2     Str  9      XL: 9   Next: 97%
MP  22/24        EV  2     Int 18      God: Vehumet [**....]
Gold 245         SH  0     Dex 15      Spells:  5 memorised,  9 levels left

rFire  . . .     SeeInvis +     u - +2,+1 whip (elec)
rCold  . . .     Clarity  .     a - +0 robe (curse)
rNeg   . . .     Conserve .     (no shield)
rPois  .         rCorr    .     (helmet restricted)
rElec  .         rRot     .     (no cloak)
SustAb . .       Spirit   .     (no gloves)
rMut   .         Warding  .     (boots unavailable)
Saprov . . .     Stasis   .     (no amulet)
MR     .....                    A - ring of see invisible
                                h - +1 ring of evasion

@: paralysed, not resistant to hostile enchantments, fairly stealthy
A: able to fly, beak, talons 3
a: Fly, Renounce Religion


You were on level 8 of the Dungeon.
You worshipped Vehumet.
Vehumet was pleased with you.
You were near starving.

You visited 2 branches of the dungeon, and saw 9 of its levels.

You collected 245 gold pieces.

Inventory:

Hand weapons
 u - a +2,+1 whip of electrocution (weapon)
Missiles
 e - 133 darts (quivered)
 q - 5 darts of frost
 v - 3 darts of dispersal
Armour
 a - a cursed +0 robe (worn)
Magical devices
 t - a wand of magic darts (19)
Comestibles
 c - 4 bread rations
 i - 4 meat rations
 j - a pear
 m - an orange
Scrolls
 g - 2 scrolls of immolation
 o - a scroll of recharging
 w - a scroll of enchant armour {unknown}
 y - a scroll of teleportation {unknown}
 E - 2 scrolls of remove curse
Jewellery
 h - a +1 ring of evasion (left hand)
 p - a cursed ring of sustenance
 x - an uncursed ring of sustenance
 A - a ring of see invisible (right hand)
 C - an uncursed ring of invisibility
Potions
 d - 7 potions of heal wounds {unknown}
 f - 5 potions of curing {unknown}
 k - 3 potions of invisibility {unknown}
 n - a potion of might {unknown}
 r - 2 potions of magic {unknown}
 s - a potion of beneficial mutation {unknown}
 B - a potion of berserk rage {unknown}
 F - a potion of confusion {unknown}
 J - 2 potions of poison {unknown}
Books
 b - a book of Flames

   Spells                             Type                      Level
   *Flame Tongue                      Conjuration/Fire             1
   *Throw Flame                       Conjuration/Fire             2
   *Conjure Flame                     Conjuration/Fire             3
   Inner Flame                        Hexes/Fire                   3
   *Sticky Flame                      Conjuration/Fire             4
   Fireball                           Conjuration/Fire             5
 l - a book of Clouds

   Spells                             Type                      Level
   Mephitic Cloud                     Conjuration/Poison/Air       3
   *Conjure Flame                     Conjuration/Fire             3
   Poisonous Cloud                    Conjuration/Poison/Air       6
   Freezing Cloud                     Conjuration/Ice/Air          6
   Ring of Flames                     Charms/Fire                  7


   Skills:
 - Level 2.1 Dodging
 - Level 2.0 Stealth
 + Level 6.3 Spellcasting
 + Level 9.7 Conjurations
 * Level 10.6 Fire Magic


You had 9 spell levels left.
You knew the following spells:

 Your Spells              Type           Power        Failure   Level  Hunger
a - Flame Tongue          Conj/Fire      #####        1%          1    None
b - Throw Flame           Conj/Fire      #####.       1%          2    None
c - Conjure Flame         Conj/Fire      #####...     1%          3    ##.....
d - Sticky Flame          Conj/Fire      #####...     1%          4    ####...
e - Magic Dart            Conj           ####         1%          1    None


Dungeon Overview and Level Annotations

Branches:
Dungeon (8/16)             Temple (1/1) D:6
   Lair: D:8-11

Altars:
Dithmenos
Fedhas
Okawaru
Vehumet
Zin


Innate Abilities, Weirdness & Mutations

You can fly.
You have a beak for a mouth.
You have claws for feet.


Message History

Confirm with . or Enter, or press ? or * to list all spells.
Aiming: Flame Tongue
Press: ? - help, Shift-Dir - straight line, f/p - giant eyeball
Aim: a giant eyeball (lightly wounded)
The flame hits the giant eyeball.
The giant eyeball is moderately wounded.
You are near starving!
Casting: Flame Tongue
Confirm with . or Enter, or press ? or * to list all spells.
Aiming: Flame Tongue
Press: ? - help, Shift-Dir - straight line, f/p - giant eyeball
Aim: a giant eyeball (moderately wounded)
The flame hits the giant eyeball.
The giant eyeball is almost dead.
The giant eyeball stares at you.
You suddenly lose the ability to move!
The two-headed ogre hits you with a giant club!
The two-headed ogre hits you with a great mace.
The two-headed ogre hits you with a giant club!
Ouch! That really hurt!
You die...

...........'.#.........# #
...........###.........##.+
#######'#### #............#
#..# #.........#### ##.#
########.## ######'###
#...# #........# ####.###
#........+ #....#
#........# #@####
#........# #..O...#
+........# #.G....#
#........#.......>#
#........###........
#........# #......###
#.......># #####.##
#######'## .# #.#


You could see a two-headed ogre and a giant eyeball.

Vanquished Creatures
  Grinder (D:3)
  An ice beast (D:8)
  3 phantoms
  An orc warrior (D:5)
  A water moccasin (D:4)
  6 giant frogs
  5 ogres
  4 wights (D:7)
  5 killer bees (D:7)
  5 crimson imps (D:7)
  A centaur zombie (D:7)
  A giant frog zombie (D:6)
  2 goliath beetles (D:7)
  A jelly (D:6)
  A two-headed ogre zombie (D:7)
  A centaur skeleton (D:5)
  4 hounds
  A scorpion (D:6)
  2 orc wizards
  5 orc priests
  6 worker ants
  2 iguanas
  Ijyb (D:3)
  An ogre skeleton (D:3)
  2 mummies
  10 adders
  A giant mite (D:2)
  2 worms
  An adder skeleton (D:4)
  4 giant eyeballs
  An ooze (D:7)
  24 orcs
  2 ball pythons (D:3)
  17 bats
  8 giant cockroaches
  17 hobgoblins
  5 jackals (D:3)
  4 quokkas
  5 giant geckos
  5 giant newts
  21 goblins
  A goblin skeleton (D:4)
  17 kobolds
  A kobold skeleton (D:4)
  An orc skeleton (D:7)
  10 rats
220 creatures vanquished.

Notes
Turn   | Place    | Note
--------------------------------------------------------------
     0 | D:1      | Kae, the Tengu Fire Elementalist, began the quest for the Orb.
     0 | D:1      | Reached XP level 1. HP: 10/10 MP: 3/3
   344 | D:1      | Reached XP level 2. HP: 12/15 MP: 1/5
  1139 | D:2      | Reached skill level 4 in Fire Magic
  1139 | D:2      | Reached XP level 3. HP: 19/19 MP: 0/7
  1209 | D:2      | Learned a level 2 spell: Throw Flame
  1213 | D:2      | Learned a level 3 spell: Conjure Flame
  1703 | D:2      | Reached XP level 4. HP: 24/24 MP: 9/9
  2544 | D:3      | Reached XP level 5. HP: 28/28 MP: 7/11
  3198 | D:3      | Reached skill level 5 in Fire Magic
  3496 | D:3      | Noticed Grinder
  3510 | D:3      | Paralysed by Grinder for 6 turns
  3512 | D:3      | Killed Grinder
  3512 | D:3      | Reached skill level 5 in Conjurations
  3512 | D:3      | Reached XP level 6. HP: 13/32 MP: 10/15
  4012 | D:3      | Noticed Ijyb
  4019 | D:3      | Killed Ijyb
  4019 | D:3      | Reached XP level 7. HP: 36/36 MP: 6/17
  4205 | D:3      | Learned a level 4 spell: Sticky Flame
  4375 | D:4      | Reached skill level 6 in Fire Magic
  4820 | D:4      | Paralysed by a giant eyeball for 3 turns
  5251 | D:4      | Reached skill level 7 in Fire Magic
  5574 | D:4      | You fall through a shaft for 2 floors!
  5596 | D:6      | Reached XP level 8. HP: 35/41 MP: 14/20
  6363 | D:6      | Reached skill level 8 in Fire Magic
  6383 | D:6      | Found a staircase to the Ecumenical Temple.
  6408 | Temple   | Entered the Ecumenical Temple
  6453 | Temple   | Became a worshipper of Vehumet
  6636 | D:5      | Entered Level 5 of the Dungeon
  6858 | D:5      | Reached skill level 5 in Spellcasting
  7226 | D:4      | Reached XP level 9. HP: 36/45 MP: 11/23
  7404 | D:4      | Reached skill level 9 in Fire Magic
  7935 | D:5      | Acquired Vehumet's first power
  7935 | D:5      | Offered knowledge of Magic Dart by Vehumet.
  8714 | D:7      | Learned a level 1 spell: Magic Dart
  9562 | D:7      | Reached skill level 10 in Fire Magic
  9623 | D:7      | Offered knowledge of Searing Ray by Vehumet.
 10391 | D:8      | Found a blossoming altar of Fedhas.
 10542 | D:8      | Paralysed by a giant eyeball for 4 turns
 10545 | D:8      | Mangled by a two-headed ogre

Action                   |  1- 3 |  4- 6 |  7- 9 || total
-------------------------+-------+-------+-------++-------
Melee: Unarmed           |    50 |    51 |    50 ||   151
       Whip              |       |       |    22 ||    22
 Cast: Flame Tongue      |    50 |    80 |   264 ||   394
       Conjure Flame     |       |     4 |    13 ||    17
       Throw Flame       |       |     1 |    95 ||    96
       Sticky Flame      |       |       |     6 ||     6
       Magic Dart        |       |       |    15 ||    15
  Use: Scroll            |       |       |    14 ||    14
 Stab: Sleeping          |     2 |     1 |     1 ||     4
       Distracted        |     1 |       |       ||     1
